 Dungeon Crawl Stone Soup version 0.28-a0-1206-g193881aaa2 (webtiles) character file.

Game seed: 5363619455598440624

93 r3xj the Shooter (level 4, 0/37 HPs)
             Began as a Minotaur Hunter on Dec 20, 2021.
             Succumbed to Robin's poison
             ... on level 2 of the Dungeon.
             The game lasted 00:08:38 (1493 turns).

r3xj the Shooter (Minotaur Hunter)                  Turns: 1493, Time: 00:08:39

Health: 0/37       AC:  6    Str: 15 (17) XL:     4   Next: 36%
Magic:  3/3        EV:  9    Int:  5 (8)  God:
Gold:   63         SH:  0    Dex: 11 (12) Spells: 3/3 levels left

rFire   . . .      SeeInvis .   b - +0 short sword
rCold   . . .      Faith    .   (no shield)
rNeg    . . .      Spirit   .   i - +0 scale mail
rPois   .          Reflect  .   (helmet restricted)
rElec   .          Harm     .   (no cloak)
rCorr   .          Rampage  .   (no gloves)
Will    .....                   (no boots)
Stlth   ..........              (no amulet)
HPRegen 0.12/turn               (no ring)
MPRegen 0.08/turn               (no ring)

@: lethally poisoned (0 -> -28)
A: horns 2, retaliatory headbutt
a: no special abilities


You were on level 2 of the Dungeon.
You visited 1 branch of the dungeon, and saw 2 of its levels.

You collected 63 gold pieces.

Inventory:

Hand Weapons
 a - a +1 shortbow
 b - a +0 short sword (weapon)
Missiles
 d - 8 arrows
Armour
 c - a +0 leather armour
 i - a +0 scale mail (worn)
Scrolls
 e - 3 scrolls of identify {unknown}
 f - a scroll of noise {unknown}
 h - a scroll of blinking {unknown}
 l - a scroll of teleportation {unknown}
Potions
 g - a potion of degeneration
 j - a potion of resistance {unknown}
 k - a potion of curing {unknown}


   Skills:
 - Level 2.6 Fighting
 + Level 6.2 Bows
 - Level 2.3 Dodging
 - Level 1.0 Stealth


You had 3 spell levels left.
You didn't know any spells.
Your spell library contained the following spells:

 Spells                   Type           Power      Damage    Failure   Level
 Foxfire                  Conj/Fire      0%         2x1d4     92%         1
 Conjure Flame            Conj/Fire      0%         6-21      100%        3
 Inner Flame              Hex/Fire       0%         N/A       100%        3
 Flame Wave               Conj/Fire      0%         2d4       100%        4


Dungeon Overview and Level Annotations

Branches:
Dungeon (2/15)

Altars:

Shops:
D:1 [(

Annotations:
D:2 Robin


Innate Abilities, Weirdness & Mutations

You have a pair of horns on your head.
You reflexively headbutt those who attack you in melee.


Message History

You hit the goblin. You headbutt the goblin.
The goblin is heavily wounded.
Robin roars a battlecry!
The goblins go into a battle-frenzy!
The goblin closely misses you.
The hobgoblin hits you but does no damage.
You hit the goblin.
You kill the goblin!
The hobgoblin hits you.
You closely miss the hobgoblin. You headbutt the hobgoblin.
You kill the hobgoblin!
There is a stone staircase leading up here.
You climb upwards.
There is a stone staircase leading down here.
You start resting.
HP restored.
You climb downwards.
Level annotation: Robin
There is a stone staircase leading up here.
Robin hits you with a +4 spear of venom.
You are poisoned.
You hit Robin. Your headbutt misses Robin.
Robin is lightly wounded.
You feel very sick.
Robin says, "Duck!"
Robin hits you with a +4 spear of venom.
You are lethally poisoned!
You hit Robin. Your headbutt misses Robin.
Robin is heavily wounded.
You feel extremely sick.
Robin hits you with a +4 spear of venom.
You are more poisoned.
* * * LOW HITPOINT WARNING * * *
You feel extremely sick. Robin misses you.
There is a stone staircase leading up here.
It was a potion of degeneration.
There was something very wrong with that liquid.
You feel weakened.
You feel dopey.
You feel clumsy.
You die... ...# #.# ###.##...........# ...# #.# #..#...........# ...# #.# ##.##.###......# #### ####.##.# #......# #().g...###......# . #.#......##......# .. #g#......##......# .gg

#.#......##......# ....
#@#...g..##......# .....
###...g..##.).....
....g.#######g##########
........g...#gg.####
.......gg....†.....#
(.....(............#
#(###..............# #
#..............#
#..............#


You could see Robin.

Vanquished Creatures
  A hound skeleton (D:2)
  2 adders (D:2)
  A worm (D:2)
  A dart slug (D:1)
  7 endoplasms
  14 goblins
  2 hobgoblins (D:2)
  4 jackals (D:1)
  3 quokkas
  6 ball pythons
  4 bats
  2 frilled lizards (D:1)
  3 kobolds
  A rat (D:1)
51 creatures vanquished.

Notes
Turn   | Place    | Note
-------+----------+-------------------------------------------
     0 | D:1      | r3xj the Minotaur Hunter began the quest for the Orb.
     0 | D:1      | Reached XP level 1. HP: 18/18 MP: 0/0
    47 | D:1      | Found Bablimp's Armour Shop.
    93 | D:1      | Reached skill level 1 in Stealth
   133 | D:1      | Reached XP level 2. HP: 25/25 MP: 1/1
   306 | D:1      | Found Cifyhe's Antique Weapon Emporium.
   534 | D:1      | Reached skill level 5 in Bows
   626 | D:1      | Reached XP level 3. HP: 30/30 MP: 2/2
  1268 | D:2      | Reached skill level 6 in Bows
  1268 | D:2      | Reached XP level 4. HP: 35/37 MP: 3/3
  1289 | D:2      | Noticed Robin
  1493 | D:2      | Succumbed to Robin's poison

Illustrated notes

Levels and vault maps discovered:
D:1:      co_arrival_random_square_maze, layout_basic, serial_shops, shop, shop,
          feat_on_display
D:2:      layout_basic, uniq_robin

Skill      XL: |  1  2  3 |
---------------+----------+-----
Stealth        | 1 |  1.0
Bows           | 5 6 |  6.2
Fighting       | |  2.6
Dodging        | |  2.3

Action                   |  1- 3 |  4- 6 || total
-------------------------+-------+-------++-------
Melee: Short sword       |    36 |    28 ||    64
       Headbutt          |     5 |     4 ||     9
 Fire: Shortbow          |    55 |     2 ||    57
  Use: Potion            |       |     1 ||     1
Armor: Leather armour    |     6 |       ||     6
       Scale mail        |    21 |    13 ||    34
Dodge: Dodged            |    30 |    17 ||    47

Table legend: (Time is in decaauts)
 A = Elapsed time spent in this place.
 B = Non-inter-level travel time spent in this place.
 C = Inter-level travel time spent in this place.
 D = Time resting spent in this place.
 E = Time spent auto-exploring this place.
 F = Levels seen in this place.
 G = Mean time per level.
                   A        B        C        D        E       F      G
               +--------+--------+--------+--------+--------+-----+--------+
         Total |   1492 |   1419 |     73 |    146 |    985 |   2 |  746.0 |
       Dungeon |   1492 |   1419 |     73 |    146 |    985 |   2 |  746.0 |
               +--------+--------+--------+--------+--------+-----+--------+

Top non-repeatable levels by time:
     D:1: 990 daAuts
     D:2: 501 daAuts
